 Dungeon Crawl Stone Soup version 0.30-a0-605-gb2882149bf (webtiles) character file.

Game seed: 14466857974311968200

35918 karrick the Blocker (level 13, -1/106 HPs)
             Began as a Gnoll Fighter on Jan 7, 2023.
             Was a High Priest of Okawaru.
             Splashed by a goliath frog's acid (7 damage)
             ... on level 5 of the Lair of Beasts.
             The game lasted 00:56:45 (14695 turns).

karrick the Blocker (Gnoll Fighter)                Turns: 14695, Time: 00:56:45

Health: -1/106     AC: 12    Str: 16    XL:     13   Next: 86%
Magic:  26/26      EV: 17    Int:  8    God:    Okawaru [*****.]
Gold:   822        SH: 16    Dex: 16    Spells: 30/30 levels left

rFire   . . .      SeeInvis .    I - +0 long sword (elec)
rCold   x . .      Faith    .    S - +2 kite shield
rNeg    . . .      Spirit   .    G - +3 ring mail
rPois   +          Reflect  .    (no helmet)
rElec   .          Harm     .    l - +0 cloak
rCorr   .          Rampage  .    (no gloves)
Will    +++..                    c - +1 pair of boots "Yhitug" {rPois rC- Will+++ Regen+}
Stlth   +++++                    t - amulet of regeneration
HPRegen 1.97/turn                P - ring of poison resistance
MPRegen 0.20/turn                K - ring of flight

@: heroic, corroded, flying
A: fangs 1, strong nose, distributed training
a: Renounce Religion, Heroism, Finesse, Duel


You were on level 5 of the Lair of Beasts.
You worshipped Okawaru.
Okawaru was extremely pleased with you.
You visited 3 branches of the dungeon, and saw 19 of its levels.
You also visited: Gauntlet.

You collected 937 gold pieces.
You spent 115 gold pieces at shops.

Inventory:

Hand Weapons
 I - a +0 long sword of electrocution (weapon)
 U - a +1 flail of draining
 Z - a +1 hand axe of freezing
Missiles
 s - 21 boomerangs
 w - 11 silver javelins (quivered)
 O - 8 javelins
Armour
 c - the +1 pair of boots "Yhitug" (worn) {rPois rC- Will+++ Regen+}
   (You acquired it in a Gauntlet)

   rC:        It makes you vulnerable to cold.
   rPois:     It protects you from poison.
   Regen:     It increases your rate of health regeneration.
   Will:      It greatly increases your willpower.
 l - a +0 cloak (worn)
 m - the +1 buckler of the Beginning {*Slow Str+2 SInv Stlth+}
   (You acquired it in a Gauntlet)

   Str:       It affects your strength (+2).
   SInv:      It lets you see invisible.
   *Slow:     It may slow you when you take damage.
   Stlth:     It makes you more stealthy.
 o - a +1 pair of boots of rampaging
 G - a +3 ring mail (worn)
 S - a +2 kite shield (worn)
 Y - +0 acid dragon scales
Jewellery
 a - the ring of Vuogacrannu {Drain rPois rF+ rC- Int+6}
   (You found it in a Gauntlet)

   [ring of protection from fire]

   Int:       It affects your intelligence (+6).
   rF:        It protects you from fire.
   rC:        It makes you vulnerable to cold.
   rPois:     It protects you from poison.
   Drain:     It drains your maximum health when unequipped.
 t - an amulet of regeneration (around neck)
 K - a ring of flight (right hand)
 L - a ring of resist corrosion
 P - a ring of poison resistance (left hand)
 Q - a ring of see invisible
 V - a ring of ice
Wands
 d - a wand of flame (70)
 u - a wand of roots (14)
 F - a wand of mindburst (18)
 H - a wand of polymorph (3)
 R - a wand of paralysis (23)
 W - a wand of quicksilver (1)
Scrolls
 f - 3 scrolls of butterflies
 g - 2 scrolls of brand weapon
 h - a scroll of immolation
 i - 3 scrolls of vulnerability
 j - 2 scrolls of fog
 p - 8 scrolls of teleportation
 v - 3 scrolls of amnesia
 x - 2 scrolls of enchant weapon
 y - 2 scrolls of torment {unknown}
 A - a scroll of blinking
 D - 2 scrolls of magic mapping
 M - 5 scrolls of enchant armour
 N - 2 scrolls of fear
 X - 2 scrolls of poison
Potions
 b - a potion of cancellation {unknown}
 e - 2 potions of attraction
 k - 4 potions of magic {unknown}
 n - 2 potions of curing
 r - 2 potions of berserk rage {unknown}
 z - a potion of mutation {unknown}
 B - a potion of ambrosia {unknown}
 E - 4 potions of haste {unknown}
 J - 2 potions of brilliance {unknown}
 T - a potion of flight {unknown}
Miscellaneous
 q - a phial of floods
 C - a condenser vane


   Skills:
 + Level 11.1(16.1) Fighting
 + Level 9.0(14.0) Short Blades
 + Level 9.0(14.0) Long Blades
 + Level 10.1(15.1) Axes
 + Level 9.0(14.0) Maces & Flails
 + Level 9.0(14.0) Polearms
 + Level 9.0(14.0) Staves
 + Level 9.0(14.0) Ranged Weapons
 + Level 9.0(14.0) Throwing
 + Level 11.1(16.1) Armour
 + Level 9.0(14.0) Dodging
 + Level 9.0(14.0) Stealth
 + Level 11.1(16.1) Shields
 + Level 9.0(14.0) Unarmed Combat
 + Level 9.0 Spellcasting
 + Level 7.5 Conjurations
 + Level 7.5 Hexes
 + Level 7.5 Summonings
 + Level 7.5 Necromancy
 + Level 7.5 Translocations
 + Level 7.5 Transmutations
 + Level 7.5 Fire Magic
 + Level 7.5 Ice Magic
 + Level 7.5 Air Magic
 + Level 7.5 Earth Magic
 + Level 7.5 Poison Magic
 + Level 9.8 Invocations
 + Level 9.0 Evocations


You had 30 spell levels left.
You didn't know any spells.
Your spell library contained the following spells:

 Spells                   Type           Power      Damage    Failure   Level
 Apportation              Tloc           30%        N/A       1%          1
 Sandblast                Erth           30%        2d9       1%          1
 Blink                    Tloc           30%        N/A       3%          2
 Ensorcelled Hibernation  Hex/Ice        30%        N/A       3%          2
 Passwall                 Tmut/Erth      12%        N/A       3%          2
 Ozocubu's Armour         Ice            15%        N/A       6%          3
 Portal Projectile        Hex/Tloc       30%        N/A       6%          3
 Spider Form              Tmut/Pois      15%        N/A       6%          3
 Stone Arrow              Conj/Erth      30%        3d8       6%          3
 Anguish                  Hex/Necr       7%         N/A       21%         4
 Manifold Assault         Tloc           15%        N/A       21%         4
 Alistair's Intoxication  Tmut/Pois      10%        N/A       50%         5
 Blade Hands              Tmut           7%         N/A       50%         5
 Borgnjor's Vile Clutch   Necr/Erth      7%         N/A       50%         5
 Metabolic Englaciation   Hex/Ice        7%         N/A       50%         5
 Storm Form               Tmut/Air       7%         N/A       100%        7
 Lehudib's Crystal Spear  Conj/Erth      7%         10d3      100%        8
 Tukima's Dance           Hex            Unusable   N/A       N/A         3
 Animate Armour           Summ/Erth      Unusable   N/A       N/A         4
 Animate Dead             Necr           Unusable   N/A       N/A         4
 Death Channel            Necr           Unusable   N/A       N/A         6
 Simulacrum               Ice/Necr       Unusable   N/A       N/A         6

Dungeon Overview and Level Annotations

Branches:
Dungeon (13/15)            Temple (1/1) D:4            Lair (5/5) D:10
  Snake (0/4) Lair:3        Slime (0/5) Lair:5          Orc (0/2) D:10
Gauntlet (visited)
  Swamp: Lair:2-3    Shoals: Lair:2-3    Vaults: D:13-14

Altars:
Ashenzari
Cheibriados
Dithmenos
Elyvilon
Fedhas
Gozag
Hepliaklqana
Kikubaaqudgha
Makhleb
Nemelex Xobeh
Okawaru
Qazlal
Ru
Sif Muna
Trog
Uskayaw
Vehumet
Wu Jian
Xom
Yredelemnul
Zin
The Shining One

Shops:
D:7 *

Portals:
Abyss: D:3

Annotations:
D:3 2 transporters, acebull12's ghost, amateur DsNe
Lair:2 Urug


Innate Abilities, Weirdness & Mutations

You have very sharp teeth.
Your uncanny sense of smell can sniff out nearby items.
Your experience applies equally to all skills.


Message History

You block the cane toad's attack. The goliath frog closely misses you.
You barely miss the cane toad.
You bite the cane toad, but do no damage.
The cane toad is heavily wounded.
The cane toad stings you!!
You hit the cane toad but do no damage.
Lightning courses through the cane toad!
You bite the cane toad, but do no damage.
The cane toad is almost dead.
The goliath frog misses you. The cane toad closely misses you.
You hit the cane toad but do no damage.
Lightning courses through the cane toad!!
You kill the cane toad!
Okawaru accepts your kill. The goliath frog hits you from afar.
You are splashed with acid.
You block the goliath frog's attack. The goliath frog completely misses you.
You see here a cane toad corpse.
You hit the goliath frog but do no damage.
You block the goliath frog's attack.
You miss the goliath frog. The goliath frog closely misses you.
You hit the goliath frog but do no damage.
You hit the goliath frog.
The goliath frog is lightly wounded.
You are no longer corroded.
The goliath frog hits you. The acid corrodes you!
You are splashed with acid!
You slash the goliath frog!
The goliath frog is moderately wounded.
The goliath frog hits you!
You are splashed with acid!
* * * LOW HITPOINT WARNING * * *
You block the cane toad's attack.
You are too injured to fight recklessly!
The goliath frog attacks as you move away!
The goliath frog hits you!
* * * LOW HITPOINT WARNING * * *
You are splashed with acid!
* * * LOW HITPOINT WARNING * * *
The goliath frog hits you from afar.
* * * LOW HITPOINT WARNING * * *
You are splashed with acid!
You die...

###### #########..#P..# .
###..P#.#......... ...
##@............P...
.....##.#†>.....(.P......
.........FF....P...#.....
...............P.........
#.......#......<†........
#.#.#.###..P.............
......###..#...~.....~PP.
...............P...~~~...
#..#..P.P#...~....~P~~~F≈


You could see a goliath frog and a cane toad.

Vanquished Creatures
  A minotaur (Gauntlet)
  Fannar (D:10)
  3 hydras
  3 two-headed ogres
  2 death yaks (Lair:3)
  Sonja (D:10)
  A necromancer (Lair:4)
  A cyclops (D:8)
  2 ugly things
  6 black mambas
  6 elephants
  Maurice (D:10)
  A gargoyle (D:12)
  6 cane toads
  A torpor snail (Lair:4)
  3 unseen horrors
  9 komodo dragons
  A rime drake (Lair:3)
  4 trolls
  2 dream sheep (Lair:4)
  4 blink frogs (Lair:3)
  3 centaur simulacra (Gauntlet)
  6 slime creatures
  Sigmund (D:6)
  A vampire (D:10)
  5 wyverns
  2 shadows
  31 yaks
  Grum (D:9)
  A basilisk (Lair:4)
  14 vampire mosquitoes
  3 acid dragons
  16 water moccasins
  6 orc warriors
  2 sky beasts (D:7)
  An ice dragon simulacrum (Gauntlet)
  3 black bears
  3 ice beasts
  2 ogres
  5 wolves
  5 centaurs
  A kobold brigand (D:6)
  3 bullfrogs
  2 gnoll sergeants (D:10)
  3 scorpions
  7 killer bees
  2 electric eels (D:3)
  2 howler monkeys (D:8)
  A jelly (D:6)
  6 hounds
  A gnoll bouda (D:9)
  8 orc priests
  3 iguanas
  Natasha (twice) (D:4)
  14 orc wizards
  4 yak simulacra (Lair:4)
  6 wolf simulacra (Lair:4)
  15 gnolls
  5 adders
  2 ufetubi
  36 orcs
  5 endoplasms
  3 giant cockroaches
  4 goblins
  6 hobgoblins
  2 jackals (D:4)
  10 kobolds
  5 quokkas
  7 ball pythons
  3 bats
  4 frilled lizards
  6 rats
  A river rat simulacrum (Lair:4)
349 creatures vanquished.

Vanquished Creatures (others)
  17 fungi
  12 plants
29 creatures vanquished.

Grand Total: 378 creatures vanquished

Notes
Turn   | Place    | Note
-------+----------+-------------------------------------------
     0 | D:1      | karrick the Gnoll Fighter began the quest for the Orb.
     0 | D:1      | Reached XP level 1. HP: 23/23 MP: 1/1
   111 | D:1      | Found a faded altar of an unknown god.
   387 | D:1      | Reached XP level 2. HP: 25/29 MP: 2/2
   848 | D:2      | Reached XP level 3. HP: 34/35 MP: 2/4
   969 | D:2      | Reached skill level 1 in Invocations
  1014 | D:2      | Reached skill level 1 in Short Blades
  1014 | D:2      | Reached skill level 1 in Long Blades
  1014 | D:2      | Reached skill level 1 in Maces & Flails
  1014 | D:2      | Reached skill level 1 in Polearms
  1014 | D:2      | Reached skill level 1 in Staves
  1014 | D:2      | Reached skill level 1 in Ranged Weapons
  1014 | D:2      | Reached skill level 1 in Throwing
  1014 | D:2      | Reached skill level 1 in Dodging
  1014 | D:2      | Reached skill level 1 in Stealth
  1014 | D:2      | Reached skill level 1 in Unarmed Combat
  1014 | D:2      | Reached skill level 1 in Spellcasting
  1014 | D:2      | Reached skill level 1 in Evocations
  1157 | D:2      | Reached XP level 4. HP: 41/41 MP: 5/5
  1214 | D:3      | Found a transporter.
  1214 | D:3      | Found a transporter.
  1282 | D:3      | Found a one-way gate to the infinite horrors of the Abyss.
  1282 | D:3      | Noticed acebull12's ghost (amateur DsNe)
  1282 | D:3      | Noticed a kobold brigand
  1288 | D:3      | Noticed a small abomination
  1300 | D:3      | Found a transporter.
  1395 | D:3      | Found a transporter.
  1631 | D:3      | Found a sparkling altar of Nemelex Xobeh.
  1698 | D:3      | Reached skill level 1 in Conjurations
  1698 | D:3      | Reached skill level 1 in Hexes
  1698 | D:3      | Reached skill level 1 in Summonings
  1698 | D:3      | Reached skill level 1 in Necromancy
  1698 | D:3      | Reached skill level 1 in Translocations
  1698 | D:3      | Reached skill level 1 in Transmutations
  1698 | D:3      | Reached skill level 1 in Fire Magic
  1698 | D:3      | Reached skill level 1 in Ice Magic
  1698 | D:3      | Reached skill level 1 in Air Magic
  1698 | D:3      | Reached skill level 1 in Earth Magic
  1698 | D:3      | Reached skill level 1 in Poison Magic
  1907 | D:4      | Noticed a scorpion
  1914 | D:4      | Killed a scorpion
  1915 | D:4      | Reached XP level 5. HP: 47/47 MP: 5/7
  1940 | D:4      | Found a broken altar of Ashenzari.
  2009 | D:4      | Found a staircase to the Ecumenical Temple.
  2036 | Temple   | Entered the Ecumenical Temple
  2275 | Temple   | Became a worshipper of Warmaster Okawaru
  2371 | D:5      | Entered Level 5 of the Dungeon
  2503 | D:5      | Noticed an ogre
  2511 | D:5      | Killed an ogre
  2512 | D:5      | Reached skill level 5 in Axes
  2512 | D:5      | Reached XP level 6. HP: 40/53 MP: 7/9
  2541 | D:5      | Noticed a water moccasin
  2551 | D:5      | Killed a water moccasin
  2551 | D:5      | Reached * piety under Okawaru
  2623 | D:5      | Noticed an ice beast
  2637 | D:5      | Killed an ice beast
  2638 | D:5      | Reached XP level 7. HP: 54/60 MP: 10/10
  3095 | D:4      | Noticed a water elemental
  3102 | D:4      | Found a stormy altar of Qazlal.
  3105 | D:4      | Noticed a fire elemental
  3108 | D:4      | Noticed an air elemental
  3110 | D:4      | Noticed Natasha
  3114 | D:4      | Killed Natasha
  3114 | D:4      | Reached ** piety under Okawaru
  3224 | D:6      | Reached XP level 8. HP: 24/67 MP: 12/12
  3233 | D:6      | HP: 2/67 [orc warrior/+0 short sword (4)]
  3338 | D:6      | Noticed Sigmund
  3687 | D:4      | Noticed Natasha
  3695 | D:4      | Killed Natasha
  3847 | D:3      | HP: 4/100 [electric eel/bolt of electricity (8)]
  3963 | D:3      | Noticed an ancient zyme
  4085 | D:7      | Noticed a wyvern
  4105 | D:7      | Killed a wyvern
  4105 | D:7      | Reached *** piety under Okawaru
  4113 | D:7      | Reached XP level 9. HP: 38/73 MP: 14/14
  4161 | D:7      | Found Tojeodor's General Store.
  4164 | D:7      | Bought 2 scrolls of identify for 40 gold pieces
  4164 | D:7      | Bought a scroll of magic mapping for 75 gold pieces
  4849 | D:7      | Found a blossoming altar of Fedhas.
  4854 | D:7      | Found a burning altar of Makhleb.
  4856 | D:7      | Found a hazy altar of Hepliaklqana.
  4856 | D:7      | Found a radiant altar of Vehumet.
  4857 | D:7      | Found an ancient bone altar of Kikubaaqudgha.
  4860 | D:7      | Found a shimmering blue altar of Sif Muna.
  4937 | D:6      | Killed Sigmund
  4995 | D:6      | Reached **** piety under Okawaru
  5102 | D:6      | Reached skill level 5 in Invocations
  5329 | D:9      | Noticed a two-headed ogre
  5401 | D:9      | Killed a two-headed ogre
  5402 | D:9      | Reached skill level 5 in Short Blades
  5402 | D:9      | Reached skill level 5 in Long Blades
  5402 | D:9      | Reached skill level 5 in Maces & Flails
  5402 | D:9      | Reached skill level 5 in Polearms
  5402 | D:9      | Reached skill level 5 in Staves
  5402 | D:9      | Reached skill level 5 in Ranged Weapons
  5402 | D:9      | Reached skill level 5 in Throwing
  5402 | D:9      | Reached skill level 5 in Dodging
  5402 | D:9      | Reached skill level 5 in Stealth
  5402 | D:9      | Reached skill level 5 in Unarmed Combat
  5402 | D:9      | Reached skill level 5 in Spellcasting
  5402 | D:9      | Reached skill level 5 in Evocations
  5402 | D:9      | Reached XP level 10. HP: 32/81 MP: 15/17
  5708 | D:9      | Reached ***** piety under Okawaru
  5773 | D:9      | Noticed a two-headed ogre
  5787 | D:9      | Killed a two-headed ogre
  5787 | D:9      | Received a gift from Okawaru
  6188 | D:7      | Received a gift from Okawaru
  6277 | D:8      | Noticed Grum
  6280 | D:8      | Noticed a cyclops
  6402 | D:9      | Killed Grum
  6479 | D:8      | Killed a cyclops
  6743 | D:7      | Reached skill level 5 in Conjurations
  6743 | D:7      | Reached skill level 5 in Hexes
  6743 | D:7      | Reached skill level 5 in Summonings
  6743 | D:7      | Reached skill level 5 in Necromancy
  6743 | D:7      | Reached skill level 5 in Translocations
  6743 | D:7      | Reached skill level 5 in Transmutations
  6743 | D:7      | Reached skill level 5 in Fire Magic
  6743 | D:7      | Reached skill level 5 in Ice Magic
  6743 | D:7      | Reached skill level 5 in Air Magic
  6743 | D:7      | Reached skill level 5 in Earth Magic
  6743 | D:7      | Reached skill level 5 in Poison Magic
  6752 | D:8      | Reached XP level 11. HP: 89/89 MP: 20/20
  6992 | D:10     | Entered Level 10 of the Dungeon
  7043 | D:10     | Noticed Fannar
  7370 | D:10     | Killed Fannar
  7370 | D:10     | Received a gift from Okawaru
  7500 | D:10     | Found a staircase to the Lair.
  7599 | D:10     | Noticed Sonja
  7726 | D:11     | Noticed a cyan ugly thing
  7842 | D:11     | Killed a cyan ugly thing
  7866 | D:11     | Identified 2 scrolls of acquirement
  7981 | D:10     | Found a staircase to the Orcish Mines.
  8089 | D:11     | Noticed a white ugly thing
  8395 | D:11     | Found a radiant altar of Vehumet.
  8406 | D:11     | Noticed a two-headed ogre
  8419 | D:11     | Killed a two-headed ogre
  8419 | D:11     | Received a gift from Okawaru
  8419 | D:11     | Received a gift from Okawaru
  9264 | D:12     | Noticed a boulder beetle
  9337 | D:12     | Found a gate leading to a gauntlet.
  9373 | Gauntlet | Entered a Gauntlet
  9373 | Gauntlet | Found a transporter.
  9376 | Gauntlet | Found a transporter.
  9380 | Gauntlet | Found a transporter.
  9381 | Gauntlet | Found a transporter.
  9382 | Gauntlet | Found a transporter.
  9382 | Gauntlet | Noticed a necromancer
  9385 | Gauntlet | Found a transporter.
  9386 | Gauntlet | Noticed a blizzard demon
  9392 | Gauntlet | Found a transporter.
  9395 | Gauntlet | Found a transporter.
  9410 | Gauntlet | Found a transporter.
  9410 | Gauntlet | Noticed a death yak
  9411 | Gauntlet | Noticed a death yak
  9411 | Gauntlet | Noticed a death yak
  9421 | Gauntlet | Found a transporter.
  9425 | Gauntlet | Found a transporter.
  9429 | Gauntlet | Noticed a blizzard demon
  9433 | Gauntlet | Found a transporter.
  9455 | Gauntlet | Noticed a death yak
  9456 | Gauntlet | Noticed a death yak
  9456 | Gauntlet | Noticed a death yak
  9458 | Gauntlet | Noticed a death yak
  9460 | Gauntlet | Noticed a death yak
  9460 | Gauntlet | Noticed a death yak
  9553 | Gauntlet | Received a gift from Okawaru
  9562 | Gauntlet | Identified the ring of Vuogacrannu {Drain rPois rF+ rC-
                  | Int+6}
  9577 | Gauntlet | Acquired the +1 buckler of the Beginning {*Slow Str+2 SInv
                  | Stlth+}
  9580 | Gauntlet | Acquired the +1 pair of boots "Yhitug" {rPois rC- Will+++
                  | Regen+}
  9615 | Gauntlet | Noticed a minotaur
  9670 | Gauntlet | Killed a minotaur
  9817 | D:12     | Reached XP level 12. HP: 97/97 MP: 22/22
  9899 | D:13     | Received a gift from Okawaru
  9925 | D:13     | Noticed a seven-headed hydra
 10590 | D:10     | Reached skill level 10 in Fighting
 10590 | D:10     | Reached skill level 10 in Armour
 10590 | D:10     | Reached skill level 10 in Shields
 10596 | D:10     | Noticed Maurice
 10617 | D:10     | Killed Maurice
 10684 | D:10     | Received a gift from Okawaru
 10841 | D:10     | Killed Sonja
 11039 | D:13     | Noticed a centaur warrior
 11109 | D:13     | Received a gift from Okawaru
 11227 | Lair:1   | Entered Level 1 of the Lair of Beasts
 11764 | Lair:1   | Received a gift from Okawaru
 12231 | Lair:2   | Noticed Urug
 12418 | Lair:3   | Found a staircase to the Snake Pit.
 12431 | Lair:3   | Received a gift from Okawaru
 12450 | Lair:3   | Reached XP level 13. HP: 98/104 MP: 25/25
 12700 | Lair:3   | Received a gift from Okawaru
 13941 | Lair:3   | Reached ****** piety under Okawaru
 13953 | Lair:3   | Received a gift from Okawaru
 14017 | Lair:4   | Reached skill level 10 in Axes
 14116 | Lair:4   | Received a gift from Okawaru
 14559 | Lair:5   | Entered Level 5 of the Lair of Beasts
 14586 | Lair:4   | Received a gift from Okawaru
 14638 | Lair:5   | Found a staircase to the Slime Pits.
 14695 | Lair:5   | Splashed by a goliath frog's acid

Illustrated notes

Levels and vault maps discovered:
D:1:      dpeg_arrival_tiny_d, layout_loops_cross,
          shapermc_ecumenical_altar_venn
D:2:      layout_basic, minmay_fractal_squares_gapless_5
D:3:      gammafunk_steamed_eel, layout_loops_ring,
          mainiacjoe_overflow_alcove_2, gammafunk_ghost_abyssal_escape,
          mrwooster_statue_mirror
D:4:      kennysheep_big_flooded_room, layout_basic,
          nicolae_qazlal_style_of_elements, nicolae_overflow_crystal_walls,
          temple_doors_e, uniq_natasha
D:5:      layout_basic
D:6:      layout_rooms, uniq_sigmund
D:7:      layout_basic, minitemple, serial_shops, kennysheep_mini
D:8:      layout_cave_pools, minmay_three_doors, uniq_grum
D:9:      layout_long_grid, serial_glass, glass_columns_c, glass_columns_b,
          feat_on_display
D:10:     layout_roguey, lair_entry_dummy, erik_orc_4, uniq_sonja, uniq_fannar,
          uniq_maurice
D:11:     layout_grid_maze, nicolae_vehumet_radiance
D:12:     layout_long_grid, gauntlet_entry_generic, water_boxes_lemuel
D:13:     layout_roguey, serial_shops, nicolae_shop_overgrown_old_shop,
          st_stairs_10
Temple:   nicolae_temple_figure_eight
Lair:1:   layout_cave_pods
Lair:2:   layout_roguey, minmay_shoals_entry_hut, infiniplex_staircase_pool_2,
          uniq_urug
Lair:3:   layout_loops_ring, minmay_snake_entry_six_corridors
Lair:4:   layout_long_grid, eino_house_with_fridge, grunt_megastairs_5
Lair:5:   minmay_lair_end_frog_pond, layout_loops_ring, slime_entry_1,
          wad_woods_03

Skill      XL: |  1  2  3  4  5  6  7  8  9 10 11 12 13 |
---------------+----------------------------------------+-----
Invocations    | 1 2 3 4 5 6 7 8 9 |  9.8
Short Blades   | 1 2 3 5 6 7 8 9 |  9.0
Long Blades    | 1 2 3 5 6 7 8 9 |  9.0
Maces & Flails | 1 2 3 5 6 7 8 9 |  9.0
Polearms       | 1 2 3 5 6 7 8 9 |  9.0
Staves         | 1 2 3 5 6 7 8 9 |  9.0
Ranged Weapons | 1 2 3 5 6 7 8 9 |  9.0
Throwing       | 1 2 3 5 6 7 8 9 |  9.0
Dodging        | 1 2 3 5 6 7 8 9 |  9.0
Stealth        | 1 2 3 5 6 7 8 9 |  9.0
Unarmed Combat | 1 2 3 5 6 7 8 9 |  9.0
Spellcasting   | 1 2 3 5 6 7 8 9 |  9.0
Evocations     | 1 2 3 5 6 7 8 9 |  9.0
Conjurations   | 1 2 3 4 5 6 7 |  7.5
Hexes          | 1 2 3 4 5 6 7 |  7.5
Summonings     | 1 2 3 4 5 6 7 |  7.5
Necromancy     | 1 2 3 4 5 6 7 |  7.5
Translocations | 1 2 3 4 5 6 7 |  7.5
Transmutations | 1 2 3 4 5 6 7 |  7.5
Fire Magic     | 1 2 3 4 5 6 7 |  7.5
Ice Magic      | 1 2 3 4 5 6 7 |  7.5
Air Magic      | 1 2 3 4 5 6 7 |  7.5
Earth Magic    | 1 2 3 4 5 6 7 |  7.5
Poison Magic   | 1 2 3 4 5 6 7 |  7.5
Axes           | 5 6 7 8 9 10 | 10.1
Fighting       | 7 8 9 10 11 | 11.1
Armour         | 7 8 9 10 11 | 11.1
Shields        | 7 8 9 10 11 | 11.1

Action                   |  1- 3 |  4- 6 |  7- 9 | 10-12 | 13-15 || total
-------------------------+-------+-------+-------+-------+-------++-------
Melee: War axe           |    78 |    97 |   257 |     6 |       ||   438
       Bite              |     6 |    11 |    30 |   158 |    74 ||   279
       Unarmed           |       |       |     3 |       |       ||     3
       Long sword        |       |       |    99 |   970 |   387 ||  1456
       Flail             |       |       |       |    11 |    23 ||    34
Throw: Boomerang         |       |       |       |     2 |       ||     2
Invok: Heroism           |       |       |       |    15 |     2 ||    17
       Finesse           |       |       |       |     2 |       ||     2
Evoke: Wand              |       |       |       |     5 |     3 ||     8
  Use: Potion            |       |     1 |     9 |     3 |       ||    13
       Scroll            |       |       |       |    16 |     2 ||    18
 Stab: Distracted        |       |       |     2 |     2 |       ||     4
       Sleeping          |       |       |     1 |     7 |     4 ||    12
Armor: Scale mail        |    39 |    57 |   135 |       |       ||   231
       Skin              |       |       |     8 |       |       ||     8
       Ring mail         |       |       |   107 |   375 |   141 ||   623
Dodge: Dodged            |    35 |    30 |   203 |   611 |   251 ||  1130
Block: Buckler           |    16 |    30 |   146 |   108 |       ||   300
       Kite shield       |       |       |       |   671 |   399 ||  1070

Table legend: (Time is in decaauts)
 A = Elapsed time spent in this place.
 B = Non-inter-level travel time spent in this place.
 C = Inter-level travel time spent in this place.
 D = Time resting spent in this place.
 E = Time spent auto-exploring this place.
 F = Levels seen in this place.
 G = Mean time per level.
                   A        B        C        D        E       F      G
               +--------+--------+--------+--------+--------+-----+--------+
         Total |  14985 |  13784 |   1201 |    390 |   8469 |  20 |  749.2 |
       Dungeon |  10892 |   9957 |    935 |    390 |   6076 |  13 |  837.8 |
        Temple |    275 |    208 |     67 |      0 |    204 |   1 |  275.0 |
          Lair |   3507 |   3309 |    198 |      0 |   2189 |   5 |  701.4 |
      Gauntlet |    309 |    309 |      0 |      0 |      0 |   1 |  309.0 |
               +--------+--------+--------+--------+--------+-----+--------+

Top non-repeatable levels by time:
    D:11: 1566 daAuts
  Lair:4: 1387 daAuts
     D:7: 1137 daAuts
     D:9: 1135 daAuts
    D:10: 1040 daAuts
     D:5: 1004 daAuts
  Lair:3: 969 daAuts
  Lair:1: 858 daAuts
     D:8: 823 daAuts
     D:3: 815 daAuts
    D:12: 795 daAuts
     D:1: 680 daAuts
     D:6: 606 daAuts
     D:2: 557 daAuts
     D:4: 522 daAuts
